 Dungeon Crawl Stone Soup version 0.20.1-1-g8b1a95d (webtiles) character file.

28 slep the Skirmisher (level 3, 0/26 HPs)
             Began as an Octopode Abyssal Knight on Oct 30, 2017.
             Was a Follower of Lugonu.
             Slain by a hobgoblin
             ... wielding a +0 club
              (6 damage)
             ... on level 2 of the Dungeon.
             The game lasted 00:04:30 (748 turns).

slep the Skirmisher (Octopode Abyssal Knight)        Turns: 748, Time: 00:04:31

Health: 0/26       AC:  1    Str: 11    XL:     3   Next: 12%
Magic:  4/4        EV: 14    Int: 14    God:    Lugonu [*.....]
Gold:   36         SH:  0    Dex: 12    Spells: 2/2 levels left

rFire    . . .     SeeInvis .   a - +1 falchion
rCold    . . .     Gourm    .   (no shield)
rNeg     . . .     Faith    .   (helmet restricted)
rPois    .         Spirit   .   (no amulet)
rElec    .         Reflect  .   (no ring)
rCorr    .         Harm     .   (no ring)
MR       .....                  (no ring)
Stlth    +++.......             (no ring)
Regen    0.1/turn               (no ring)
MPRegen  0.1/turn               (no ring)
                                (no ring)
                                (no ring)

@: no status effects
A: almost no armour, stealthy swim, amphibious, 8 rings, constrict 8, camouflage
1, gelatinous body 1
a: Depart the Abyss, Renounce Religion


You were on level 2 of the Dungeon.
You worshipped Lugonu.
Lugonu was aware of your devotion.
You were not hungry.

You visited 1 branch of the dungeon, and saw 2 of its levels.
You visited the Abyss 1 time.

You collected 36 gold pieces.

Inventory:

Hand Weapons
 a - a +1 falchion (weapon)
Scrolls
 f - a scroll of identify {unknown}
 i - a scroll of amnesia {unknown}
 j - 2 scrolls of remove curse {unknown}
Potions
 c - a potion of magic {unknown}
 d - a potion of lignification {unknown}
 e - a potion of invisibility {unknown}
 h - a potion of mutation {unknown}
Comestibles
 b - a bread ration
 g - 3 royal jellies


   Skills:
 + Level 3.4 Fighting
 + Level 2.4 Long Blades
 + Level 2.6 Dodging
 + Level 1.1 Stealth
 + Level 2.2 Invocations


You had 2 spell levels left.
You didn't know any spells.

Dungeon Overview and Level Annotations

Branches:
Dungeon (2/15)

Altars:


Innate Abilities, Weirdness & Mutations

You cannot wear most types of armour.
You are very stealthy in the water. (Stealth+)
You are amphibious.
You can wear up to eight rings at the same time.
You can use your tentacles to constrict eight enemies at once.
Your skin changes colour to match your surroundings (Stealth+).
Your rubbery body absorbs attacks. (AC +1, EV +1)


Message History

You hit the gnoll but do no damage.
The gnoll is severely wounded.
You constrict the gnoll.
You kill the gnoll!
Lugonu accepts your kill.
Your Stealth skill increases to level 1!
You have reached level 3!
Your experience leads to an increase in your attributes!
Increase (S)trength, (I)ntelligence, or (D)exterity?
You feel agile.
You hit the hobgoblin but do no damage. You grab the hobgoblin.
You squeeze the hobgoblin.
The hobgoblin is moderately wounded.
You constrict the hobgoblin, but do no damage.
The hobgoblin hits you but does no damage.
You hit the hobgoblin.
The hobgoblin is moderately wounded.
You constrict the hobgoblin, but do no damage.
The hobgoblin hits you with a club.
You die...

#. #.. ....
##.##.##?...
..........# .(.......
# #.....#
#?#.....###.#
##.##.!......#
#[..#...#########
#@...........#
#..g#...#######.#
##.##...# ###.#####
#.#....# #.......#
.#.....#####.......#
.###.................
.. ...###.)..########
#. .#..#
#...........) #.##.
#....########


You could see a hobgoblin.

Vanquished Creatures
  A gnoll (D:2)
  A leopard gecko (D:2)
  4 bats
  A giant cockroach (D:1)
  2 goblins
  3 hobgoblins (D:1)
  2 frilled lizards (D:1)
  A kobold (D:1)
  A rat (D:1)
16 creatures vanquished.

Notes
Turn   | Place    | Note
-------+----------+-------------------------------------------
     0 | Abyss:1  | slep the Octopode Abyssal Knight began the quest for the Orb.
     0 | Abyss:1  | Reached XP level 1. HP: 16/16 MP: 2/2
    33 | Abyss:1  | Noticed a large abomination
    36 | Abyss:1  | Noticed a small abomination
    39 | Abyss:1  | Found a blossoming altar of Fedhas.
    39 | Abyss:1  | Noticed a wight
    60 | Abyss:1  | Noticed a small abomination
    65 | Abyss:1  | Noticed a large abomination
    77 | Abyss:1  | Found a burning altar of Makhleb.
    86 | Abyss:1  | Noticed a glowing orange brain
    93 | D:1      | Escaped the Abyss
   247 | D:1      | Reached * piety under Lugonu
   364 | D:1      | Reached XP level 2. HP: 21/21 MP: 3/3
   746 | D:2      | Reached skill level 1 in Stealth
   746 | D:2      | Reached XP level 3. HP: 6/26 MP: 4/4
   748 | D:2      | Slain by a hobgoblin

Skill      XL: |  1  2 |
---------------+-------+-----
Stealth        | 1 |  1.1
Fighting       | |  3.4
Long Blades    | |  2.4
Dodging        | |  2.6
Invocations    | |  2.2

Action                   || total
-------------------------++-------
Melee: Falchion          ||    32
       Constrict         ||    12
       Tentacles         ||     8
Invok: Depart the Abyss  ||     1
 Stab: Sleeping          ||     5
Armor: Skin              ||     4
Dodge: Dodged            ||    11
       Rpst.: Falchion   ||     3
